 Dungeon Crawl Stone Soup version 0.26-a0-505-g732bf3b8d2 (webtiles) character file.

Game seed: 9413664686997933270

1078 KristoblXynda the Sneak (level 8, -5/69 HPs)
             Began as a Naga Gladiator on Aug 9, 2020.
             Was an Initiate of Cheibriados.
             Killed from afar by a white imp (8 damage)
             ... with a puff of frost
             ... on level 5 of the Dungeon.
             The game lasted 00:07:49 (5248 turns).

KristoblXynda the Sneak (Naga Gladiator)            Turns: 5248, Time: 00:07:50

Health: -5/69      AC:  6    Str: 25    XL:     8   Next: 29%
Magic:  8/8        EV: 11    Int: 10    God:    Cheibriados [......]
Gold:   233        SH:  5    Dex: 14    Spells: 7/7 levels left

rFire    . . .     SeeInvis +   p - +3 dagger (venom)
rCold    . . .     Faith    .   (no shield)
rNeg     . . .     Spirit   .   m - +0 ring mail
rPois    +         Reflect  +   c - +0 helmet
rElec    .         Harm     .   (no cloak)
rCorr    .                      (no gloves)
MR       +....                  (no barding)
Stlth    +++.......             g - amulet of reflection
HPRegen  0.21/turn              i - +6 ring of strength
MPRegen  0.11/turn              b - ring of flight

@: very slow
A: large, see invisible, deformed body, poison resistance, slowness 2, spit
poison 1, AC +2
a: Spit Poison, Bend Time, Renounce Religion, Evoke Flight


You were on level 5 of the Dungeon.
You worshipped Cheibriados.
Cheibriados was noncommittal.
You visited 2 branches of the dungeon, and saw 6 of its levels.
You also visited: Sewer.

You collected 233 gold pieces.

Inventory:

Hand Weapons
 a - a +0 long sword
 p - a +3 dagger of venom (weapon)
Missiles
 d - 3 throwing nets (quivered)
Armour
 c - a +0 helmet (worn)
 m - a +0 ring mail (worn)
Jewellery
 b - a ring of flight (right hand)
 g - an amulet of reflection (around neck)
 i - a +6 ring of strength (left hand)
Wands
 e - a wand of paralysis (13)
 y - a wand of enslavement (7)
Scrolls
 f - 2 scrolls of magic mapping
 h - 2 scrolls of amnesia
 k - 2 scrolls of teleportation {unknown}
 l - 4 scrolls of identify {unknown}
 n - 2 scrolls of random uselessness {unknown}
 q - 3 scrolls of remove curse
 r - a scroll of immolation {unknown}
 s - 2 scrolls of fog {unknown}
 t - 2 scrolls of enchant armour {unknown}
 w - a scroll of blinking {unknown}
Potions
 j - 7 potions of haste {unknown}
 o - 4 potions of curing
 u - 6 potions of heal wounds {unknown}
 v - 2 potions of might {unknown}
 x - 2 potions of stabbing {unknown}
 z - a potion of flight {unknown}
 A - a potion of degeneration {unknown}


   Skills:
 - Level 3.4 Fighting
 + Level 5.5 Long Blades
 - Level 2.0 Throwing
 + Level 2.8 Armour
 + Level 4.6 Dodging
 + Level 7.0 Stealth


You had 7 spell levels left.
You didn't know any spells.
Your spell library was empty.

Dungeon Overview and Level Annotations

Branches:
Dungeon (5/15)             Temple (1/1) D:4           Sewer (visited)

Altars:
Ashenzari
Cheibriados
Dithmenos
Fedhas
Kikubaaqudgha
Nemelex Xobeh
Okawaru
Uskayaw
Vehumet
Xom
Zin
The Shining One

Shops:
D:4 :


Innate Abilities, Weirdness & Mutations

You cannot wear boots.
Your serpentine skin is tough. (AC +2)
You have supernaturally acute eyesight. (SInv)
Armour fits poorly on your strangely shaped body.
Your system is resistant to poisons. (rPois)
You cover ground very slowly.
You can spit poison.


Message History

The white imp is moderately wounded.
You hit the white imp but do no damage.
The white imp is moderately wounded.
The white imp gestures at you. The puff of frost hits you.
* * * LOW HITPOINT WARNING * * *
You hit the white imp.
The white imp is heavily wounded.
The white imp barely misses you.
You hit the white imp.
The white imp is severely wounded.
The white imp gestures at you. The puff of frost hits you.
* * * LOW HITPOINT WARNING * * *
You hit the white imp but do no damage.
The white imp looks as sick as possible!
The white imp is severely wounded.
The white imp gestures at you. The puff of frost hits you!
You die...

#.# #.# #.# +#.#+
..#####...#####
........⌠......
#...# +#5#+ #@# #.#
#.# ##.## ##.(.#
#.#.## #...# #.###
#.##################


You could see a white imp (extremely poisoned).

Vanquished Creatures
  Sigmund (D:4)
  Menkaure (D:4)
  An ice beast (D:5)
  An ogre (D:4)
  2 big kobolds (Sewer)
  A hound (D:4)
  2 orc priests (D:4)
  2 orc wizards
  Jessica (D:2)
  Ijyb (D:4)
  A hound skeleton (D:4)
  A howler monkey skeleton (D:4)
  8 adders
  6 river rats (D:4)
  5 oozes
  4 worms
  An adder skeleton (D:4)
  3 dart slugs
  3 leopard geckos (D:3)
  4 orcs
  8 bats
  4 giant cockroaches
  6 goblins
  2 hobgoblins
  7 jackals
  A quokka (D:3)
  4 ball pythons
  6 frilled lizards
  A jackal skeleton (D:4)
  21 kobolds
  A leopard gecko skeleton (D:4)
  A quokka skeleton (D:4)
  16 rats
  A plant (Sewer)
128 creatures vanquished.

Notes
Turn   | Place    | Note
-------+----------+-------------------------------------------
     0 | D:1      | KristoblXynda the Naga Gladiator began the quest for the
                  | Orb.
     0 | D:1      | Reached XP level 1. HP: 19/19 MP: 1/1
   189 | D:1      | Reached XP level 2. HP: 23/26 MP: 2/2
   592 | D:1      | Reached skill level 1 in Stealth
   652 | D:1      | Reached XP level 3. HP: 33/33 MP: 3/3
  1028 | D:2      | Found a blossoming altar of Fedhas.
  1263 | D:2      | Reached skill level 2 in Stealth
  1264 | D:2      | Reached XP level 4. HP: 5/40 MP: 4/4
  1270 | D:2      | HP: 2/40 [poisoned by an adder]
  1592 | D:2      | Noticed Jessica
  1595 | D:2      | Killed Jessica
  2286 | D:3      | Found a radiant altar of Vehumet.
  2696 | D:3      | Reached XP level 5. HP: 27/49 MP: 5/5
  2704 | D:3      | Reached skill level 3 in Stealth
  3516 | D:4      | Reached XP level 6. HP: 20/56 MP: 6/6
  3594 | D:4      | Found a glowing drain.
  3598 | D:4      | Reached skill level 4 in Stealth
  3604 | Sewer    | Entered a sewer
  3986 | Sewer    | Reached skill level 1 in Armour
  4153 | D:4      | Reached XP level 7. HP: 56/62 MP: 7/7
  4201 | D:4      | Found Qudi's Book Boutique.
  4206 | D:4      | Reached skill level 5 in Stealth
  4238 | D:4      | Noticed Menkaure
  4249 | D:4      | Killed Menkaure
  4375 | D:4      | Found a staircase to the Ecumenical Temple.
  4395 | Temple   | Entered the Ecumenical Temple
  4521 | Temple   | Became a worshipper of Cheibriados the Contemplative
  4554 | D:4      | Noticed Sigmund
  4557 | D:4      | Found an iron altar of Okawaru.
  4558 | D:4      | Killed Sigmund
  4558 | D:4      | Reached skill level 5 in Long Blades
  4558 | D:4      | Reached skill level 6 in Stealth
  4587 | D:4      | Reached XP level 8. HP: 11/69 MP: 8/8
  4996 | D:4      | Noticed Ijyb
  5009 | D:4      | Killed Ijyb
  5154 | D:5      | Entered Level 5 of the Dungeon
  5242 | D:5      | Reached skill level 7 in Stealth
  5247 | D:5      | HP: 3/69 [white imp/puff of frost (6)]
  5248 | D:5      | Killed from afar by a white imp

Illustrated notes

Levels and vault maps discovered:
D:1:      saegor_arrival_simple_c, layout_basic
D:2:      layout_loops_ring, lemuel_crystal_altar, uniq_jessica
D:3:      layout_rooms, vehumet_crystals
D:4:      layout_rooms, lemuel_round_altar, minmay_temple_entry_butterflies,
          lightli_sewer_entry_pipes, serial_shops, shop, uniq_menkaure,
          uniq_ijyb, uniq_sigmund
D:5:      layout_basic, kennysheep_ying_yang, grunt_temple_overflow_cloverleaf,
          kennysheep_mini_moat, fedhas_altar_fruit_tree, uniq_duvessa
Temple:   compressed_dpeg_triangle_lava_temple

Skill      XL: |  1  2  3  4  5  6  7  8 |
---------------+-------------------------+-----
Throwing       | 2 |  2.0
Stealth        | 1 2 3 4 6 7 |  7.0
Dodging        | 3 4 |  4.6
Fighting       | 3 |  3.4
Long Blades    | 4 5 |  5.5
Armour         | 1 2 |  2.8

Action                   |  1- 3 |  4- 6 |  7- 9 || total
-------------------------+-------+-------+-------++-------
Melee: Long sword        |    88 |    10 |       ||    98
       Dagger            |       |   229 |    84 ||   313
 Abil: Spit Poison       |     1 |       |       ||     1
  Use: Potion            |     1 |     1 |     1 ||     3
       Scroll            |       |     4 |       ||     4
 Stab: Sleeping          |       |     9 |     4 ||    13
       Distracted        |       |       |     1 ||     1
Armor: Leather armour    |    22 |       |       ||    22
       Ring mail         |    15 |    81 |    25 ||   121
Dodge: Dodged            |    76 |   115 |    30 ||   221
Block: Other             |       |    67 |     8 ||    75
       Reflection        |       |     4 |     1 ||     5
       Rpst.: Long sword |    28 |     2 |       ||    30

Table legend: (Time is in decaauts)
 A = Elapsed time spent in this place.
 B = Non-inter-level travel time spent in this place.
 C = Inter-level travel time spent in this place.
 D = Time resting spent in this place.
 E = Time spent auto-exploring this place.
 F = Levels seen in this place.
 G = Mean time per level.
                   A        B        C        D        E       F      G
               +--------+--------+--------+--------+--------+-----+--------+
         Total |   6565 |   6146 |    419 |   1132 |   3358 |   7 |  937.9 |
       Dungeon |   5752 |   5348 |    404 |    932 |   3214 |   5 | 1150.4 |
        Temple |    191 |    176 |     15 |      0 |     74 |   1 |  191.0 |
         Sewer |    621 |    621 |      0 |    200 |     69 |   1 |  621.0 |
               +--------+--------+--------+--------+--------+-----+--------+

Top non-repeatable levels by time:
     D:2: 1604 daAuts
     D:4: 1454 daAuts
     D:1: 1411 daAuts
     D:3: 1130 daAuts
   Sewer: 621 daAuts
  Temple: 191 daAuts
     D:5: 152 daAuts
